Map: Frozen Temple

Players

Bitwize

  • Race: Zerg Zerg
  • League: Gold
  • Spawn Location: 11:00

Fropez - Winner!

  • Race: Protoss Protoss
  • League: Gold
  • Spawn Location: 5:00

VOD

Have the link to the VOD?

Description

Time

  • Played on: Oct. 21, 2016, 10:53 p.m.
  • Length: 12:39
Show
View Real Time Build Order
Export as new Build Order

Bitwize Zerg 

Build Orders: Hatch First 

Get SALT Encoding   

  12  0:01  Drone  
  13  0:13  Overlord  
  13  0:19  Drone  
  14  0:32  Drone x2  
  16  0:52  Hatchery  
  16  0:55  Drone  
  16  0:57  Drone  
  17  1:02  Drone  
  18  1:16  Spawning Pool  
  17  1:20  Drone  
  18  1:27  Drone  
  19  1:35  Drone  
  20  1:43  Drone  
  21  1:51  Drone  
  22  2:03  Extractor  
  22  2:05  Queen  
  22  2:06  Drone  
  22  2:07  Extractor  
  23  2:08  Drone  
  24  2:18  Zergling x4  
  26  2:23  Drone  
  27  2:37  Zergling x2  
  27  2:38  Overlord  
  28  2:56  Queen  
  30  3:05  Zergling x10  
  35  3:12  Zergling x2  
  35  3:16  Hatchery  
  35  3:17  Zergling x4  
  36  3:20  Roach Warren  
  36  3:24  Metabolic Boost  
  35  3:30  Drone  
  36  3:42  Overlord  
  36  3:53  Overlord  
  36  4:02  Drone x5  
  41  4:07  Baneling Nest  
  40  4:13  Drone  
  40  4:14  Drone  
  42  4:22  Roach  
  44  4:32  Evolution Chamber  
  44  4:35  Evolution Chamber  
  42  4:40  Zergling x2  
  42  4:42  Roach x2  
  47  4:53  Extractor  
  47  4:58  Zergling x6  
  46  5:02  Drone x5  
  44  5:13  Drone x3  
  47  5:22  Queen  
  47  5:26  Drone  
  50  5:30  Drone x2  
  52  5:36  Drone x2  
  52  5:42  Drone x2  
  56  5:45  Drone x2  
  56  5:49  Overlord  
  58  5:54  Overlord  
  58  6:13  Drone x7  
  62  6:31  Zergling x4  
  60  6:35  Zergling x12  
  66  6:40  Spine Crawler  
  66  6:43  Spine Crawler  
  66  6:45  Drone x3  
  67  6:53  Lair  
  67  6:58  Zergling x8  
  67  7:00  Roach  
  73  7:01  Overlord  
  73  7:28  Drone x2  
  73  7:29  Drone x3  
  74  7:40  Zergling x6  
  74  7:41  Zergling x2, Roach  
  74  7:42  Roach  
  80  7:44  Overlord  
  80  7:47  Baneling x2  
  80  7:48  Baneling x6  
  80  7:49  Baneling x7  
  80  7:51  Overlord  
  80  7:52  Drone  
  80  7:53  Drone  
  82  7:59  Hydralisk Den  
  81  8:09  Hatchery  
  81  8:10  Zergling x8  
  76  8:32  Zergling x8  
  76  8:33  Zergling x2  
  81  8:34  Overlord  
  81  8:38  Extractor  
  81  8:40  Extractor  
  76  8:44  Roach  
  76  8:45  Roach x5  
  76  9:15  Queen  
  76  9:23  Roach x7  
  76  9:24  Roach x4  
  93  9:35  Drone  
  93  9:36  Drone x2  
  95  9:48  Zerg Missile Weapons Level 1, Hatchery  
  95  9:49  Zerg Ground Armor Level 1  
  94  9:56  Hydralisk x5  
  104  10:07  Lair  
  104  10:16  Infestation Pit  
  104  10:18  Muscular Augments  
  91  10:50  Drone x6  
  86  11:00  Drone  
  86  11:01  Drone x8  
  85  11:49  Drone x3  
  90  12:07  Zergling x20  
Show
View Real Time Build Order
Export as new Build Order

Fropez Protoss - Winner!

Build Orders:  

Get SALT Encoding   

  12  0:01  Probe (Chrono Boost)  
  13  0:14  Pylon  
  13  0:17  Probe (Chrono Boost)  
  14  0:28  Probe (Chrono Boost)  
  15  0:33  Gateway  
  15  0:38  Probe (Chrono Boost)  
  16  0:46  Assimilator  
  16  0:49  Probe (Chrono Boost)  
  17  1:00  Probe (Chrono Boost)  
  17  1:02  Gateway  
  18  1:10  Probe (Chrono Boost)  
  19  1:20  Cybernetics Core  
  19  1:22  Probe (Chrono Boost)  
  21  1:33  Probe (Chrono Boost)  
  21  1:43  Probe (Chrono Boost)  
  22  1:51  Nexus  
  22  2:02  Adept  
  23  2:22  Pylon  
  23  2:27  Warp Gate  
  23  2:30  Pylon  
  23  2:35  Assimilator  
  23  2:40  Adept  
  23  2:42  Mothership Core (Chrono Boost)  
  29  2:51  Adept  
  29  3:01  Probe (Chrono Boost)  
  30  3:08  Probe (Chrono Boost)  
  29  3:25  Adept x2  
  33  3:29  Gateway  
  33  3:31  Gateway  
  33  3:52  Adept x2  
  33  3:54  Pylon, Probe (Chrono Boost)  
  33  3:55  Probe (Chrono Boost)  
  39  4:04  Twilight Council, Probe (Chrono Boost)  
  40  4:19  Probe (Chrono Boost)  
  40  4:20  Probe (Chrono Boost)  
  42  4:30  Probe (Chrono Boost)  
  43  4:33  Robotics Facility  
  43  4:34  Assimilator  
  43  4:36  Pylon  
  43  4:40  Stalker  
  43  4:42  Stalker  
  47  5:07  Adept  
  47  5:08  Adept x3  
  51  5:35  Gateway  
  51  5:37  Pylon, Probe x2 (Chrono Boost)  
  51  5:41  Warp Prism  
  57  5:47  Stalker x3  
  61  5:55  Resonating Glaives (Chrono Boost)  
  59  6:31  Stalker x2  
  59  6:32  Stalker x2  
  65  6:35  Probe x2  
  65  6:39  Immortal  
  71  6:47  Probe  
  71  6:48  Probe  
  73  7:00  Gateway  
  73  7:01  Pylon  
  73  7:12  Gateway  
  67  7:45  Adept x2  
  67  7:46  Adept x3  
  77  7:57  Gateway x2  
  77  8:06  Pylon  
  77  8:12  Probe  
  78  8:13  Probe  
  79  8:27  Probe, Gateway  
  79  8:28  Probe  
  79  8:30  Gateway  
  81  8:35  Observer  
  82  8:47  Adept x3  
  82  8:48  Adept x2  
  92  8:49  Probe x2  
  86  9:27  Stalker x2  
  86  9:28  Stalker x2  
  90  9:34  Nexus  
  90  9:37  Pylon  
  84  9:40  Pylon  
  84  9:43  Probe x2  
  86  9:46  Pylon  
  86  9:50  Adept x2  
  86  9:51  Adept x2  
  94  9:53  Assimilator  
  94  9:58  Immortal  
  94  10:00  Probe  
  94  10:01  Probe  
  100  10:14  Gateway  
  100  10:17  Gateway  
  100  10:19  Pylon  
  100  10:20  Pylon  
  100  10:33  Adept x2  
  100  10:34  Adept x5  
  100  10:35  Adept  
  112  10:55  Adept x4  
  112  10:56  Adept  
  114  11:22  Stalker x5  
  116  11:31  Probe x2  
  110  11:34  Probe  
  111  11:43  Probe  
  112  11:58  Adept x6  
  115  12:19  Stalker x5  
Tags
 
League
GoldGold
Matchup
PvZ
Replay Pack
From the laptop
Spawn Locations
Cross Positions
Add a new tag
Caveats
  • Supply blocks, unpowered buildings, or Contaminate may cause inaccurate times.
  • Supply counts are checked every 10 seconds.